 Dungeon Crawl Stone Soup version 0.16.1-18-g436b03c (webtiles) character file.

58226 Gallus the Cleaver (level 14, 0/108 HPs)
             Began as a Mummy Wanderer on May 6, 2015.
             Was an Elder of Okawaru.
             Killed from afar by an orc sorcerer (21 damage)
             ... with a bolt of fire
             ... on level 4 of the Orcish Mines on May 7, 2015.
             The game lasted 01:09:58 (31666 turns).

Gallus the Cleaver (Mummy Wanderer)                Turns: 31666, Time: 01:09:58

Health: 0/108      AC: 22    Str: 19    XL:     14   Next: 48%
Magic:  17/17      EV:  6    Int: 11    God:    Okawaru [****..]
Gold:   1702       SH:  0    Dex: 15    Spells: 0 memorised, 13 levels left

rFire  . . .     SeeInvis +     c - +9 battleaxe of Valiance {flame, rElec Str-2 Int+3}
rCold  + . .     Clarity  .     Y - +2 plate armour {rF+}
rNeg   + + +     SustAb   .     (no shield)
rPois  ∞         Gourm    +     h - +2 hat
rElec  +         Spirit   .     y - +0 cloak
rCorr  .         Warding  .     k - +0 pair of gloves
rMut   .         Stasis   .     (no boots)
MR     +....                    D - amulet of the gourmand {Gourm, !d}
Stlth  ..........               (no ring)
                                N - ring "Daick" {Str+3 SInv}

@: about to teleport, studying Staves, somewhat resistant to hostile
enchantments, extremely unstealthy
A: no food or potions, fire vulnerability, in touch with death, restore body,
cold resistance 1, negative energy resistance 3, poison resistance, torment
resistance, unbreathing
a: Self-Restoration, Heroism, Renounce Religion


You were on level 4 of the Orcish Mines.
You worshipped Okawaru.
Okawaru was greatly pleased with you.
You were not hungry.

You visited 4 branches of the dungeon, and saw 24 of its levels.

You collected 1990 gold pieces.
You spent 288 gold pieces at shops.

Inventory:

Hand weapons
 a - a +3 hand crossbow
 c - the +9 battleaxe of Valiance (weapon) {flame, rElec Str-2 Int+3}
   (Okawaru gifted it to you on level 8 of the Lair of Beasts)

   It has been specially enchanted to burn those struck by it, causing extra
   injury to most foes and up to half again as much damage against particularly
   susceptible opponents.
   Big, fiery blades are also staple armaments of hydra-hunters.
   It affects your strength (-2).
   It affects your intelligence (+3).
   It insulates you from electricity.
 g - a +2 war axe of electrocution
   (You took it off a hobgoblin on level 6 of the Dungeon)
 o - the +10 whip of Extinguishment {pain, rElec rC+ MR- MP+9}
   (You found it on level 9 of the Dungeon)

   In the hands of one skilled in necromantic magic, it inflicts extra damage on
   living creatures.
   It protects you from cold.
   It insulates you from electricity.
   It affects your resistance to hostile enchantments.
   It affects your magic capacity (+9).
 v - a +0 blowgun
   (You took it off a kobold on level 3 of the Dungeon)
 P - a +0 club
   (You took it off Jessica on level 3 of the Dungeon)
Missiles
 b - 9 bolts of flame
 e - 58 bolts
 f - 214 arrows
 w - 4 poisoned needles
 E - a poisoned tomahawk (quivered)
 G - 59 poisoned bolts
 L - 16 silver bolts
 S - 19 bolts of frost
 T - 21 poisoned arrows
 W - 44 arrows of frost
Armour
 h - a +2 hat (worn)
   (You found it on level 6 of the Dungeon)
 k - a +0 pair of gloves (worn)
   (You found it on level 1 of the Dungeon)
 m - a +1 helmet
   (You found it on level 2 of the Dungeon)
 q - a +0 chain mail
   (You found it on level 2 of the Dungeon)
 y - a +0 cloak (worn)
   (You found it on level 3 of the Dungeon)
 B - a +3 plate armour
   (You took it off an orc warrior on level 3 of the Orcish Mines)
 U - a +1 leather armour of poison resistance
   (Okawaru gifted it to you on level 7 of the Lair of Beasts)
 X - the +6 leather armour of Unambiguity {Stlth+}
   (You took it off an orc wizard on level 8 of the Dungeon)

   It makes you more stealthy.
 Y - a +2 plate armour of fire resistance (worn)
   (You found it on level 8 of the Dungeon)
Magical staves
 d - an uncursed staff of death {unknown}
   (You found it on level 9 of the Dungeon)
 z - an uncursed staff of earth {unknown}
   (You found it on level 8 of the Lair of Beasts)
 C - an uncursed staff of earth {unknown}
   (You found it on level 10 of the Dungeon)
Jewellery
 D - an amulet of the gourmand (around neck) {Gourm, !d}
   (You found it on level 10 of the Dungeon)
 N - the ring "Daick" (left hand) {Str+3 SInv}
   (You found it on level 4 of the Lair of Beasts)

   [ring of see invisible]

   It affects your strength (+3).
   It enhances your eyesight.
 Q - an uncursed ring of see invisible {sInv, !d}
   (You found it on level 6 of the Lair of Beasts)
Magical devices
 n - a wand of draining (1)
   (You took it off Erolcha on level 11 of the Dungeon)
 x - a wand of polymorph (17)
   (You found it on level 8 of the Lair of Beasts)
 F - a wand of paralysis (0)
   (You found it on level 1 of the Lair of Beasts)
 H - a wand of confusion (9)
   (You took it off Ijyb on level 2 of the Dungeon)
 I - a wand of polymorph (6)
   (You found it on level 3 of the Lair of Beasts)
 K - a wand of random effects (22)
   (You found it on level 4 of the Lair of Beasts)
 M - a wand of slowing (13)
   (You found it on level 4 of the Lair of Beasts)
 O - a wand of confusion (6)
   (You took it off Jessica on level 3 of the Dungeon)
 R - a wand of teleportation (3)
   (You found it on level 6 of the Lair of Beasts)
 Z - a wand of draining (4)
   (You found it on level 9 of the Dungeon)
Scrolls
 j - 2 scrolls of fog
 l - 6 scrolls of remove curse
 r - 5 scrolls of identify
 s - 2 scrolls of enchant armour
 t - a scroll of silence
 u - a scroll of magic mapping {!r}
 A - 4 scrolls of amnesia
Books
 p - a manual of Staves {!d}
   (You found it on level 8 of the Lair of Beasts)
Miscellaneous
 i - a fan of gales
   (You found it on level 6 of the Lair of Beasts)


   Skills:
 - Level 9.2 Fighting
 + Level 14.1(14.2) Axes
 - Level 2.1(9.7) Maces & Flails
   Level 1.0 Bows
 - Level 8.7 Crossbows
 - Level 11.8 Armour
 - Level 1.5 Evocations


You had 13 spell levels left.
You didn't know any spells.

Dungeon Overview and Level Annotations

Branches:
Dungeon (11/15)            Temple (1/1) D:4            Lair (8/8) D:8
 Shoals (0/5) Lair:6        Snake (0/5) Lair:3        Slime (0/6) Lair:6
    Orc (4/4) D:11            Elf (0/3) Orc:3

Altars:
Cheibriados
Dithmenos
Elyvilon
Fedhas
Gozag
Kikubaaqudgha
Makhleb
Nemelex Xobeh
Okawaru
Qazlal
Sif Muna
Vehumet
Yredelemnul
Zin
Beogh

Shops:
D:9 }   Orc:1 :   Orc:4 [([

Annotations:
D:9 1 runed door, Grum
Lair:3 exclusion: oklob plant
Lair:4 exclusion: 3 oklob plants


Innate Abilities, Weirdness & Mutations

You do not eat or drink.
Your flesh is vulnerable to fire.
You are in touch with the powers of death.
You can restore your body by infusing magical energy.
Your flesh is cold resistant.
You are immune to negative energy.
Your system is resistant to poisons.
You are immune to unholy pain and torment.
You can survive without breathing.


Message History

You are too injured to fight recklessly!
You are too injured to fight recklessly!
The orc warrior hits you but does no damage.
The orc hits you but does no damage.
Your plate armour prevents you from hitting the orc warrior.
You hit the orc. You burn the orc. The orc hits you but does no damage.
The orc hits you.
The orc warrior hits you but does no damage.
The orc priest hits you but does no damage.
You feel strangely unstable. The orc hits you but does no damage.
You take 3 damage, and have 57/108 hp.
You are too injured to fight recklessly!
You are too injured to fight recklessly!
You are too injured to fight recklessly!
Unknown command.
You slash the orc priest! You burn the orc priest. You hit the orc.
You burn the orc. You slash the orc warrior! You burn the orc warrior.
You slash the orc! You burn the orc.
You kill the orc!
You slash the orc! You burn the orc.
You kill the orc!
The orc priest hits you with a falchion of distortion.
Space warps horribly around you! The orc warrior closely misses you.
The orc barely misses you.
You take 12 damage, and have 45/108 hp.
You hit the orc warrior but do no damage.
You slash the orc priest! You burn the orc priest.
You kill the orc priest!
Okawaru accepts your kill.
You slash the orc! You burn the orc.
You kill the orc!
The orc warrior hits you with a halberd.
You take 2 damage, and have 43/108 hp.
You slash the orc warrior! You burn the orc warrior.
You kill the orc warrior!
Okawaru accepts your kill.
Your surroundings suddenly seem different.
An orc sorcerer comes into view. It is wielding a dagger.
The orc sorcerer shouts!
An orc comes into view. It is wielding a whip.
The orc shouts!
An orc priest comes into view. It is wielding a trident.
The orc priest shouts!
An orc comes into view. It is wielding a club.
The orc shouts!
An orc comes into view. It is wielding a mace.
The orc shouts!
The orc sorcerer points at you and mumbles some strange words.
The bolt of fire hits you!
* * * LOW HITPOINT WARNING * * *
The orc throws a tomahawk.
The tomahawk hits you but does no damage.
The orc throws a tomahawk.
The tomahawk hits you but does no damage.
An orc warrior comes into view. It is wielding a war axe.
You take 14 damage, and have 29/108 hp.
The orc throws a tomahawk.
The tomahawk barely misses you.
The orc throws a tomahawk.
The tomahawk hits you but does no damage.
You see here a tomahawk.
Unknown command.
Unknown command.
The orc throws a tomahawk.
The tomahawk hits you but does no damage.
The orc priest hits you with a trident.
* * * LOW HITPOINT WARNING * * *
You see here a tomahawk.
You slash the orc warrior! You burn the orc warrior. You slice the orc priest!!
You burn the orc priest.
You kill the orc priest!
Okawaru accepts your kill.
The orc throws a tomahawk.
The tomahawk barely misses you.
The tomahawk hits the orc.
You take 5 damage, and have 24/108 hp.
That item cannot be evoked!
You feel strangely unstable.
This wand has 3 charges left.
The orc warrior hits you but does no damage.
The orc hits you with a club.
* * * LOW HITPOINT WARNING * * *
The orc sorcerer hits you but does no damage.
You take 1 damage, and have 23/108 hp.
You hit the orc sorcerer but do no damage.
You barely miss the orc.
You hit the orc warrior but do no damage.
You hit the orc. You burn the orc.
You kill the orc!
Okawaru accepts your kill. The orc hits you but does no damage.
The orc warrior hits you with a war axe.
* * * LOW HITPOINT WARNING * * *
The orc sorcerer hits you but does no damage.
You take 3 damage, and have 20/108 hp.
You closely miss the orc sorcerer. You barely miss the orc warrior.
You hit the orc. You burn the orc. The orc hits you but does no damage.
The orc warrior hits you but does no damage.
The orc sorcerer gestures at you while chanting.
The bolt of fire hits you!
You die...

*,,,,,,,** *,.,.,,,,,,,,,,,,**,
**,,,,,,,** **.#....,,,,,,,,,*,,
***,,,,,,*#####......,,,,,,,,*,,
****,,,,,,..#..#.......,,,,,,,*,,
*,**,,,,*.............#.,,,,,,**,
,,,,,,,,,....$...........,,,,,,**
*,**,,,,,................,,,,,,,*
****,,,,$.......)o.......,,,,,,,,
**,,,,,.......o@.(.......,,,,,,,
*,,,,,,.......o((........,,,,,,,
**,*,,,........o#........,,,**,,
**,*,,,,......$.........,,,,,,,,
*,,,,,,,..............#.,,,,,,,*
**,*,,,,#...............,,,*,,,*
****,***##.###...#..##,*,***,**
*** ##* ########***** ***


You could see an orc sorcerer, an orc warrior and 2 orcs.

Vanquished Creatures
  An orc warlord (Orc:4)
  A dire elephant (Lair:8)
  A catoblepas (Lair:8)
  A hydra (Lair:2)
  Urug (D:11)
  A deep troll shaman (Lair:8)
  3 orc high priests
  5 death yaks (Lair:8)
  2 fire crabs
  3 hill giants (D:11)
  Erolcha (D:11)
  3 orc knights
  A griffon (Lair:4)
  2 orc sorcerers (Orc:4)
  15 elephants
  2 torpor snails
  5 black mambas
  Psyche (D:11)
  4 komodo dragons
  14 spiny frogs
  4 fire drakes
  A two-headed ogre (Orc:2)
  2 polar bears
  A merfolk (Lair:6)
  A troll (Orc:4)
  A boulder beetle (Lair:8)
  17 blink frogs
  3 basilisks
  57 yaks
  2 wraiths
  A spriggan (D:7)
  A wyvern (Lair:5)
  A steam dragon (Lair:7)
  16 wolves
  9 hippogriffs
  A mottled dragon (Lair:6)
  A warg (Orc:4)
  3 nagas (Lair:3)
  A wasp (D:9)
  3 ice beasts
  22 orc warriors
  9 porcupines
  11 water moccasins
  2 black bears (Lair:8)
  3 phantoms
  4 centaurs
  13 crocodiles
  2 ogres
  2 sky beasts
  A boring beetle (Lair:8)
  6 big kobolds (D:6)
  13 giant frogs
  A wyvern skeleton (D:7)
  11 killer bees
  A scorpion (D:4)
  An electric eel (Lair:5)
  A centaur zombie (D:7)
  3 crimson imps
  A goliath beetle (D:6)
  A giant frog zombie (D:9)
  A gnoll shaman (D:6)
  A centaur skeleton (D:7)
  A giant frog skeleton (D:8)
  26 orc priests
  16 hounds
  6 iguanas
  5 worker ants
  30 orc wizards
  2 hell rats (D:8)
  4 sheep (Lair:6)
  Ijyb (D:2)
  Jessica (D:3)
  Terence (D:2)
  3 worker ant zombies
  16 gnolls
  23 adders
  50 river rats
  5 shadow imps
  A worm (D:2)
  2 adder skeletons
  8 giant geckos
  153 orcs
  6 bats
  17 goblins
  16 hobgoblins
  20 jackals
  60 kobolds
  8 quokkas
  7 giant cockroaches
  3 giant newts
  13 rats
  8 fungi
  10 plants
825 creatures vanquished.

Vanquished Creatures (collateral kills)
  A river rat (Lair:6)
1 creature vanquished.

Vanquished Creatures (others)
  An orc (Orc:4)
  19 fungi
  8 plants
28 creatures vanquished.

Grand Total: 854 creatures vanquished

Notes
Turn   | Place    | Note
--------------------------------------------------------------
     0 | D:1      | Gallus, the Mummy Wanderer, began the quest for the Orb.
     0 | D:1      | Gallus set off with: a +2 hand crossbow, a +0 shortbow, a scroll of teleportation, a +0 robe, 26 bolts, 31 arrows
     0 | D:1      | Reached XP level 1. HP: 18/18 MP: 1/1
   358 | D:1      | Reached XP level 2. HP: 24/24 MP: 2/2
   504 | D:1      | You fall through a shaft!
   523 | D:2      | Reached skill level 2 in Crossbows
   536 | D:2      | Reached XP level 3. HP: 24/29 MP: 3/3
   914 | D:2      | Reached skill level 3 in Crossbows
  1497 | D:3      | Reached XP level 4. HP: 35/35 MP: 5/5
  1737 | D:3      | Noticed Ijyb
  1738 | D:3      | Noticed Terence
  1756 | D:2      | Killed Terence
  2051 | D:2      | Reached skill level 4 in Crossbows
  2431 | D:2      | Killed Ijyb
  2431 | D:2      | Reached XP level 5. HP: 26/41 MP: 6/6
  2519 | D:3      | Noticed a sky beast
  2526 | D:3      | Killed a sky beast
  2581 | D:3      | Reached skill level 5 in Crossbows
  2626 | D:3      | Noticed Jessica
  2626 | D:3      | Killed Jessica
  2626 | D:3      | Reached XP level 6. HP: 40/47 MP: 7/7
  3066 | D:4      | Found a blossoming altar of Fedhas.
  3118 | D:4      | Found a staircase to the Ecumenical Temple.
  3126 | Temple   | Entered the Ecumenical Temple
  3130 | Temple   | Became a worshipper of Warmaster Okawaru
  3264 | D:4      | Found an opulent altar of Gozag.
  3433 | D:4      | Got an ebony whip
  3434 | D:4      | Identified the cursed -2 whip of the Equator {flame, rC+ MR+ Dex+3} (You found it on level 4 of the Dungeon)
  3727 | D:5      | Entered Level 5 of the Dungeon
  3808 | D:5      | HP: 8/47 [gnoll/halberd (7)]
  3814 | D:5      | HP: 4/47 [gnoll/halberd (4)]
  4241 | D:5      | Reached skill level 6 in Crossbows
  4366 | D:5      | Reached XP level 7. HP: 52/52 MP: 8/8
  4813 | D:6      | Acquired Okawaru's first power
  4813 | D:6      | Reached skill level 7 in Crossbows
  5181 | D:6      | Reached XP level 8. HP: 45/58 MP: 8/10
  5232 | D:6      | Reached skill level 8 in Crossbows
  5585 | D:6      | Found a white marble altar of Elyvilon.
  5881 | D:6      | Reached skill level 1 in Maces & Flails
  5904 | D:6      | Reached skill level 2 in Maces & Flails
  6014 | D:6      | Reached skill level 1 in Axes
  6371 | D:6      | Reached skill level 2 in Axes
  6664 | D:6      | Reached skill level 3 in Axes
  6872 | D:7      | Found a radiant altar of Vehumet.
  6914 | D:7      | Found a sparkling altar of Nemelex Xobeh.
  7091 | D:7      | Reached XP level 9. HP: 59/63 MP: 11/11
  7379 | D:7      | Reached skill level 4 in Axes
  7958 | D:8      | Reached skill level 5 in Axes
  8033 | D:8      | Found a staircase to the Lair.
  8049 | D:8      | Noticed a spiny frog
  8066 | D:8      | Killed a spiny frog
  8067 | D:8      | Reached skill level 6 in Axes
  8094 | D:8      | Noticed a spiny frog
  8110 | D:8      | Killed a spiny frog
  8175 | D:8      | Got an ichor-stained leather armour
  8274 | D:8      | Reached skill level 7 in Axes
  8462 | D:8      | Found a snail-covered altar of Cheibriados.
  8792 | D:8      | Identified the +6 leather armour of Unambiguity {Stlth+} (You took it off an orc wizard on level 8 of the Dungeon)
  8878 | D:9      | Reached skill level 8 in Axes
  8878 | D:9      | Reached XP level 10. HP: 65/70 MP: 10/12
  9293 | D:9      | Noticed Grum
  9609 | D:9      | Found a burning altar of Makhleb.
  9631 | D:9      | Got a transparent whip
  9632 | D:9      | Identified the +10 whip of Extinguishment {pain, rElec rC+ MR- MP+9} (You found it on level 9 of the Dungeon)
  9644 | D:9      | Found Bled's Gadget Emporium.
  9654 | D:9      | Bought a wand of fire (5) for 288 gold pieces
  9670 | D:9      | Found a runed door.
  9670 | D:9      | Noticed an angel
  9671 | D:9      | Found a glowing silver altar of Zin.
  9968 | D:9      | Reached skill level 9 in Axes
 10071 | D:10     | Entered Level 10 of the Dungeon
 10288 | D:10     | Found a stormy altar of Qazlal.
 10422 | D:10     | Reached skill level 3 in Armour
 10953 | D:10     | Reached skill level 4 in Fighting
 11483 | Lair:1   | Entered Level 1 of the Lair of Beasts
 11993 | Lair:1   | Reached skill level 5 in Fighting
 11993 | Lair:1   | Reached skill level 4 in Armour
 12607 | Lair:1   | Received a gift from Okawaru
 12611 | Lair:1   | Reached skill level 6 in Fighting
 12615 | Lair:1   | Reached skill level 5 in Armour
 12622 | Lair:1   | Reached XP level 11. HP: 70/81 MP: 13/13
 12756 | Lair:1   | Noticed a black mamba
 12763 | Lair:1   | Killed a black mamba
 13480 | Lair:2   | Reached skill level 7 in Fighting
 13740 | Lair:2   | Acquired Okawaru's second power
 13865 | Lair:2   | Noticed a six-headed hydra
 14164 | Lair:2   | Killed a six-headed hydra
 14164 | Lair:2   | Reached skill level 6 in Armour
 14359 | Lair:3   | Found a staircase to the Snake Pit.
 14429 | Lair:3   | Reached skill level 8 in Fighting
 15440 | Lair:4   | Reached skill level 7 in Armour
 15930 | Lair:4   | Reached skill level 9 in Fighting
 16256 | Lair:4   | Got a vibrating platinum ring
 16257 | Lair:4   | Identified the ring "Daick" {Str+3 SInv} (You found it on level 4 of the Lair of Beasts)
 16400 | Lair:4   | Noticed an eight-headed hydra
 16449 | Lair:5   | HP: 19/89 [wyvern (9)]
 16451 | Lair:5   | Received a gift from Okawaru
 16801 | Lair:5   | HP: 20/89 [iguana (6)]
 17069 | Lair:4   | Reached skill level 8 in Armour
 17069 | Lair:4   | Reached XP level 12. HP: 85/95 MP: 15/15
 17731 | Lair:5   | Received a gift from Okawaru
 17805 | Lair:5   | HP: 20/95 [blink frog (9)]
 18907 | Lair:5   | Reached skill level 10 in Axes
 18910 | Lair:5   | Reached skill level 9 in Armour
 19747 | Lair:6   | Received a gift from Okawaru
 20050 | Lair:6   | Found a staircase to the Shoals.
 20491 | Lair:6   | Noticed an eight-headed hydra
 20600 | Lair:6   | Found a staircase to the Slime Pits.
 20653 | Lair:7   | HP: 15/95 [fire crab (10)]
 20653 | Lair:7   | HP: 6/95 [fire crab (9)]
 20730 | Lair:6   | HP: 22/95 [spiny frog (3)]
 21005 | Lair:7   | Received a gift from Okawaru
 21312 | Lair:7   | Noticed a six-headed hydra
 21326 | Lair:7   | Noticed a five-headed hydra
 21374 | Lair:7   | Reached skill level 10 in Armour
 21716 | Lair:7   | Noticed an eight-headed hydra
 21991 | Lair:6   | HP: 23/95 [blink frog (9)]
 21993 | Lair:6   | HP: 10/95 [blink frog (13)]
 22007 | Lair:6   | Reached skill level 11 in Axes
 22014 | Lair:6   | HP: 11/95 [blink frog (3)]
 22374 | Lair:6   | Reached XP level 13. HP: 80/101 MP: 14/16
 23306 | Lair:8   | Entered Level 8 of the Lair of Beasts
 23772 | Lair:8   | HP: 19/101 [fire drake/blast of flame (29)]
 24268 | Lair:8   | HP: 24/101 [polar bear (13)]
 24269 | Lair:8   | Received a gift from Okawaru
 24269 | Lair:8   | Reached skill level 11 in Armour
 24272 | Lair:8   | Got a slimy battleaxe {god gift}
 24558 | Lair:8   | Identified the +9 battleaxe of Valiance {flame, rElec Str-2 Int+3} (Okawaru gifted it to you on level 8 of the Lair of Beasts)
 24787 | Lair:8   | Reached skill level 12 in Axes
 24799 | Lair:8   | HP: 24/101 [fire drake/blast of flame (14)]
 25751 | Lair:8   | Received a gift from Okawaru
 26128 | Lair:8   | Noticed a dire elephant
 26143 | Lair:8   | Killed a dire elephant
 26688 | Lair:8   | Reached XP level 14. HP: 39/108 MP: 17/17
 26842 | Lair:8   | Received a gift from Okawaru
 27751 | D:11     | Noticed Psyche
 27763 | D:11     | Killed Psyche
 27831 | D:11     | Reached skill level 13 in Axes
 28097 | D:11     | Noticed Urug
 28129 | D:11     | HP: 11/108 [Urug/great sword (23)]
 28130 | D:11     | Killed Urug
 28200 | D:11     | HP: 11/108 [manticore/volley of spikes (20)]
 28202 | D:11     | HP: 4/108 [manticore (7)]
 28630 | D:11     | Noticed Erolcha
 28638 | D:11     | Killed Erolcha
 28721 | D:11     | Found a shadowy altar of Dithmenos.
 28823 | D:11     | Found a staircase to the Orcish Mines.
 28837 | Orc:1    | Entered Level 1 of the Orcish Mines
 28923 | Orc:1    | Found an ancient bone altar of Kikubaaqudgha.
 28993 | Orc:1    | Received a gift from Okawaru
 29378 | Orc:1    | Found Tysupo Soreo's Book Boutique.
 29791 | Orc:2    | Found a roughly hewn altar of Beogh.
 30438 | Orc:3    | Found a staircase to the Elven Halls.
 30582 | Orc:4    | Entered Level 4 of the Orcish Mines
 31041 | Orc:4    | Found a roughly hewn altar of Beogh.
 31058 | Orc:4    | Found Hoylose's Armour Emporium.
 31224 | Orc:4    | Noticed an orc warlord
 31265 | Orc:4    | Killed an orc warlord
 31504 | Orc:4    | Received a gift from Okawaru
 31504 | Orc:4    | Reached skill level 14 in Axes
 31556 | Orc:4    | Found Kleugeho's Antique Weapon Boutique.
 31556 | Orc:4    | Found a roughly hewn altar of Beogh.
 31560 | Orc:4    | Found Ivveit's Antique Armour Shop.
 31610 | Orc:4    | Found a roughly hewn altar of Beogh.
 31662 | Orc:4    | HP: 24/108 [orc priest/trident (6)]
 31666 | Orc:4    | Killed from afar by an orc sorcerer

Action                   |  1- 3 |  4- 6 |  7- 9 | 10-12 | 13-15 || total
-------------------------+-------+-------+-------+-------+-------++-------
Melee: Unarmed           |    10 |       |       |       |       ||    10
       Dagger            |       |       |    88 |       |       ||    88
       War axe           |       |       |   242 |   941 |   211 ||  1394
       Battleaxe         |       |       |       |       |   575 ||   575
 Fire: Hand crossbow     |    62 |   196 |   187 |    13 |     4 ||   462
Invok: Heroism           |       |       |    15 |    20 |    26 ||    61
       Finesse           |       |       |       |       |     3 ||     3
Evoke: Wand              |       |     3 |     9 |    14 |     7 ||    33
  Use: Scroll            |       |     3 |    15 |    12 |     5 ||    35
 Stab: Confused          |       |       |       |     2 |       ||     2
       Petrifying        |       |       |       |       |     1 ||     1
       Petrified         |       |       |       |       |     1 ||     1

Vault maps used:
D:1:      dpeg_arrival_chambers_temple_mockup
D:3:      first_bread, uniq_iyjb, uniq_jessica, uniq_terence
D:4:      nicolae_gozag_seed_capital, lemuel_crystal_altar,
          minmay_temple_entry_grid
D:6:      minmay_goblin_kobold_castle, overflow_temple_1_default
D:7:      lemuel_round_altar, the_bakery, nemelex_deck
D:8:      cheibrodos_beetle_habitat, dpeg_lair_monsters
D:9:      lightli_temple_of_fire, serial_shops,
          nicolae_shop_competitors_out_of_business, lemuel_angel_altar,
          uniq_grum
D:10:     grunt_qazlal_clouds
D:11:     david_orc_3, serial_co_window_serial, co_window_corner_a,
          co_window_paths_a, co_window_paths_a, co_window_paths_a,
          co_window_of_opportunity_a, co_window_unsneaky_path_e,
          co_window_broadway_a, co_window_corner_cb, glass_columns_c,
          basic_altar, minmay_lindwurm_lava, uniq_erolcha, uniq_urug,
          uniq_psyche
Temple:   zaba_magenta_temple_12
Lair:1:   beast_lair_carwin_3
Lair:2:   infiniplex_staircase_pool, grunt_megastairs_3
Lair:3:   minmay_snake_entry_guardpost_small, serial_forest,
          infiniplex_forest_clump_long, infiniplex_forest_straight_2,
          infiniplex_forest_clump_long, infiniplex_forest_lined_corner,
          infiniplex_forest_side_room, minmay_lair_oklob_bushes
Lair:4:   dpeg_oklob_1
Lair:5:   grunt_megastairs_2
Lair:6:   elwin_shoals_entry_rooms, slime_dummy, bobbens_dragon_lair_wall
Lair:7:   st_stairs_12
Lair:8:   grunt_lair_end_beastmaster
Orc:1:    serial_shops, shop, basic_altar
Orc:2:    minmay_orc_temple_b
Orc:3:    nicolae_orc_pool_cavern, nicolae_orc_rockfall
Orc:4:    grunt_orc_community_town_hall, grunt_orc_community_big_house_2,
          grunt_orc_community_big_house_1, grunt_orc_community_house_1,
          grunt_orc_community_house_2, grunt_orc_community_house_3,
          grunt_orc_community_house_3, grunt_orc_community_house_3,
          grunt_orc_community_house_3

Table legend:
 A = Turns spent in this place as a percentage of turns spent in the entire game.
 B = Non-inter-level travel turns spent in this place as a percentage of non-inter-level travel turns spent in the entire game.
 C = Inter-level travel turns spent in this place as a percentage of turns spent in this place.
 D = Turns resting spent in this place as a percentage of non-inter-level travel turns spent in this place.
 E = Turns spent auto-exploring this place as a percentage of non-inter-level travel turns spent in this place.
 F = Non-inter-level travel turns spent in this place divided by the number of levels of this place that you've seen.
                   A       B       C       D       E      F
               +-------+-------+-------+-------+-------+----------------------
         Total | 100.0 | 100.0 |   0.5 |   4.8 |   5.8 | 383.6
       Dungeon |  40.5 |  40.4 |   0.6 |   3.5 |   8.0 | 338.2
        Temple |   0.1 |   0.1 |   0.0 |   0.0 |   0.0 |  13.0
          Lair |  45.6 |  45.7 |   0.3 |   6.3 |   3.8 | 525.9
  Orcish Mines |  13.7 |  13.8 |   0.3 |   3.3 |   6.0 | 316.8
               +-------+-------+-------+-------+-------+----------------------

Table legend:
 A = Kills in this place as a percentage of kills in entire the game.
 B = Kills by you in this place as a percentage of kills by you in the entire game.
 C = Kills by friends in this place as a percentage of kills by friends in the entire game.
 D = Other kills in this place as a percentage of other kills in the entire game.
 E = Experience gained in this place as a percentage of experience gained in the entire game.
 F = Experience gained in this place divided by the number of levels of this place that you have seen.
                   A       B       C       D       E      F
               +-------+-------+-------+-------+-------+----------------------
         Total | 100.0 | 100.0 | 100.0 |  -nan | 100.0 | 3465.9
       Dungeon |  38.2 |  38.2 |   0.0 |  -nan |  16.1 | 1217.5
          Lair |  36.9 |  36.8 | 100.0 |  -nan |  69.4 | 7214.0
  Orcish Mines |  24.9 |  24.9 |   0.0 |  -nan |  14.5 | 3019.2
               +-------+-------+-------+-------+-------+----------------------
